 Dungeon Crawl Stone Soup version 0.21.1-1-g345015fe64 (webtiles) character file.

10554 OlSheep the Thaumaturge (level 11, -1/85 HPs)
             Began as a Deep Elf Wizard on July 4, 2018.
             Was an Elder of Vehumet.
             Slain by an unseen horror (6 damage)
             ... on level 11 of the Dungeon on July 6, 2018.
             The game lasted 02:52:20 (20504 turns).

OlSheep the Thaumaturge (Deep Elf Wizard)          Turns: 20504, Time: 02:52:21

Health: -1/85      AC: 30    Str:  4    XL:     11   Next: 37%
Magic:  24/31      EV:  2    Int: 27    God:    Vehumet [****..]
Gold:   627        SH:  0    Dex: 13    Spells: 0/39 levels left

rFire    . . .     SeeInvis .   w - +0 quarterstaff
rCold    . . .     Gourm    .   (shield currently unavailable)
rNeg     + + +     Faith    .   (armour currently unavailable)
rPois    +         Spirit   .   (helmet currently unavailable)
rElec    .         Reflect  .   (cloak currently unavailable)
rCorr    .         Harm     .   (gloves currently unavailable)
MR       +....     NoTele   +   (boots currently unavailable)
Stlth    ++........             (no amulet)
HPRegen  0.24/turn              D - +5 ring of protection
MPRegen  0.22/turn              L - ring of poison resistance

@: swift, tree-form, quick
A: no striking features
a: Renounce Religion


You were on level 11 of the Dungeon.
You worshipped Vehumet.
Vehumet was greatly pleased with you.
You were not hungry.
You were a tree.
You visited 2 branches of the dungeon, and saw 12 of its levels.

You collected 627 gold pieces.

Inventory:

Hand Weapons
 o - a +0 blowgun
 w - a +0 quarterstaff (weapon)
 B - a +3 scythe
 O - a +3 trident
Missiles
 t - 43 poisoned needles (quivered)
Armour
 a - a +0 pair of gloves (melded)
 e - +0 fire dragon scales
 g - the +1 robe "Ifall" {+Inv +Fly}
   (You took it off an orc on level 9 of the Dungeon)

   It lets you turn invisible.
   It lets you fly.
 q - the +2 robe "Wosch" {Dex+4}
   (You found it on level 7 of the Dungeon)

   It affects your dexterity (+4).
 s - a +3 leather armour (melded)
 u - a +0 pair of boots (melded)
 y - a +2 robe of fire resistance
 H - a +0 buckler
 I - a +2 helmet (melded)
Jewellery
 D - a +5 ring of protection (left branch)
 L - a ring of poison resistance (right branch)
Wands
 h - a wand of clouds (7)
 v - a wand of acid (15)
 z - a wand of flame (33)
 J - a wand of disintegration (17)
 M - a wand of iceblast (4)
Scrolls
 b - 3 scrolls of summoning {unknown}
 j - 3 scrolls of identify
 l - a scroll of teleportation
 n - a scroll of enchant armour
 x - a scroll of blinking
 E - 4 scrolls of remove curse
 N - a scroll of vulnerability
Potions
 f - 2 potions of mutation
 i - 4 potions of lignification
 m - a potion of magic
 p - 3 potions of resistance
 r - 4 potions of brilliance
 A - 3 potions of might
 C - a potion of haste
Books
 c - a book of Minor Magic

   Spells                             Type                      Level
   a - Magic Dart                     Conjuration                  1
   b - Blink                          Translocation                2
   c - Call Imp                       Summoning                    2
   d - Slow                           Hexes                        2
   e - Conjure Flame                  Conjuration/Fire             3
   f - Mephitic Cloud                 Conjuration/Poison/Air       3
 k - a book of Maledictions

   Spells                             Type                      Level
   a - Corona                         Hexes                        1
   b - Ensorcelled Hibernation        Hexes/Ice                    2
   c - Confuse                        Hexes                        3
   d - Tukima's Dance                 Hexes                        3
   e - Dazzling Spray                 Conjuration/Hexes            3
 F - a book of Frost

   Spells                             Type                      Level
   a - Freeze                         Ice                          1
   b - Throw Frost                    Conjuration/Ice              2
   c - Ozocubu's Armour               Charms/Ice                   3
   d - Throw Icicle                   Conjuration/Ice              4
   e - Summon Ice Beast               Ice/Summoning                4
 K - a book of Air

   Spells                             Type                      Level
   a - Shock                          Conjuration/Air              1
   b - Swiftness                      Charms/Air                   2
   c - Static Discharge               Conjuration/Air              3
   d - Airstrike                      Air                          4
   e - Lightning Bolt                 Conjuration/Air              5
Comestibles
 d - 11 rations
 G - 17 chunks of flesh


   Skills:
 + Level 1.7 Fighting
 + Level 3.3 Staves
 * Level 6.2 Armour
 - Level 2.4 Dodging
 - Level 2.4 Stealth
 + Level 14.7 Spellcasting
 + Level 6.7 Conjurations
 + Level 1.1 Hexes
 - Level 4.0 Summonings
 - Level 4.0 Translocations
 - Level 2.3 Fire Magic
 + Level 4.9 Ice Magic
 + Level 4.6 Air Magic
 - Level 2.0 Poison Magic


You couldn't memorise any spells.
You knew the following spells:

 Your Spells              Type           Power        Failure   Level  Hunger
a - Magic Dart            Conj           ####         1%          1    None
b - Searing Ray           Conj           ######       1%          2    None
c - Throw Icicle          Conj/Ice       ######..     1%          4    None
d - Sting                 Conj/Pois      ####         1%          1    None
e - Airstrike             Air            #####.....   1%          4    None
f - Mephitic Cloud        Conj/Pois/Air  #####...     1%          3    None
g - Lightning Bolt        Conj/Air       ######....   1%          5    #......
h - Fulminant Prism       Conj/Hex       #####.....   1%          4    None
i - Call Imp              Summ           #####...     1%          2    None
j - Summon Ice Beast      Ice/Summ       #####...     4%          4    None
k - Blink                 Tloc           N/A          1%          2    None
l - Swiftness             Chrm/Air       ####....     1%          2    None
m - Conjure Flame         Conj/Fire      #####...     1%          3    None
n - Slow                  Hex            ####....     2%          2    None


Dungeon Overview and Level Annotations

Branches:
Dungeon (11/15)            Temple (1/1) D:5            Lair (0/6) D:11
    Orc: D:9-12

Altars:
Ashenzari
Cheibriados
Dithmenos
Elyvilon
Fedhas
Gozag
Hepliaklqana
Kikubaaqudgha
Makhleb
Nemelex Xobeh
Okawaru
Qazlal
Ru
Sif Muna
Trog
Uskayaw
Vehumet
Wu Jian
Yredelemnul
Zin
The Shining One

Shops:
D:7 (   D:8 }   D:10 (

Annotations:
D:6 Csanatus's ghost, novice DrCj
D:10 ! Not clear, AAA992's ghost, journeyman GrMo


Message History

Confirm with . or Enter, or press ? or * to list all spells.
You feel quick. Something hits you but does no damage. Something hits you.
* * * LOW HITPOINT WARNING * * *
Something hits you but does no damage.
You open the door. Something hits you but does no damage.
There is an open door here.
Something hits you.
* * * LOW HITPOINT WARNING * * *
Something hits you.
* * * LOW HITPOINT WARNING * * *
Okay, then.
Casting: Swiftness
Confirm with . or Enter, or press ? or * to list all spells.
Okay, then.
You turn into a tree.
Your +2 helmet melds into your body.
Your +0 pair of gloves melds into your body.
Your +0 pair of boots melds into your body.
Your +3 leather armour melds into your body.
Your roots penetrate the ground.
Something hits you.
You die...

######.#...#######.###.####
##.###........ #...# # #..#
#######.###.#.# #.##
#.....#.# #.# ###)##### #.#
#.# # #####'### #.# #
#.......##########.########
#.......'.♣...............'
#.....).##########.########
+.......# #.# # #.......#
#.# # #......[# #.## #
#.......# #..## # ####+####
##..# # ##.# #.#


There were no monsters in sight!

Vanquished Creatures
  A two-headed ogre (D:8)
  Pikel (D:7)
  A centaur zombie (D:10)
  A centaur skeleton (D:11)
  A gargoyle (D:11)
  Prince Ribbit (D:9)
  A centaur simulacrum (D:10)
  2 hippogriffs
  A wraith (D:11)
  16 yaks
  A soldier ant (D:10)
  5 orc warriors
  A black bear (D:7)
  3 ice beasts
  6 ogres
  A wolf (D:9)
  3 phantoms
  An eye of draining (D:11)
  A big kobold (D:9)
  3 bullfrogs
  A gnoll sergeant (D:9)
  3 scorpions
  A water moccasin skeleton (D:10)
  9 killer bees
  A wight (D:8)
  2 howler monkeys
  2 electric eels
  4 crimson imps
  A bullfrog zombie (D:5)
  4 jellies
  2 iron imps (D:9)
  2 hounds
  4 bullfrog skeletons
  7 orc priests
  19 orc wizards
  5 iguanas
  8 worker ants
  A killer bee zombie (D:9)
  A hound skeleton (D:8)
  A worker ant zombie (D:5)
  Robin (D:1)
  3 gnolls
  8 adders
  A howler monkey zombie (D:5)
  A shadow imp (D:9)
  2 white imps (D:10)
  2 ufetubi (D:10)
  7 oozes (D:4)
  An adder zombie (D:7)
  An adder skeleton (D:7)
  2 worms (D:3)
  3 dart slugs
  A leopard gecko (D:3)
  53 orcs
  11 bats
  4 giant cockroaches
  17 goblins
  5 hobgoblins
  5 jackals
  13 kobolds
  2 quokkas
  3 ball pythons
  2 frilled lizards
  A giant cockroach zombie (D:6)
  A leopard gecko skeleton (D:5)
  11 rats
290 creatures vanquished.

Vanquished Creatures (collateral kills)
  Sigmund (D:6)
  3 yaks
  Menkaure (D:4)
  A slave (D:7)
  An ice beast (D:9)
  A wolf (D:9)
  Blork the orc (D:4)
  2 scorpions
  2 killer bees (D:7)
  A howler monkey (D:10)
  An orc wizard (D:10)
  3 hounds
  An iron imp (D:9)
  Jessica (D:2)
  Ijyb (D:5)
  An iguana (D:5)
  4 gnolls
  3 adders
  An adder skeleton (D:6)
  2 worms
  A leopard gecko (D:10)
  5 orcs
  A goblin (D:1)
  A hobgoblin (D:1)
  A jackal (D:4)
  A kobold (D:10)
  A quokka (D:10)
  A jackal zombie (D:5)
  A quokka skeleton (D:4)
45 creatures vanquished.

Vanquished Creatures (others)
  3 slaves (D:7)
  An orc wizard (D:9)
  An orc (D:7)
  A quokka (D:7)
  7 fulminant prisms
  8 fungi
  A plant (D:5)
  11 toadstools (D:4)
33 creatures vanquished.

Grand Total: 368 creatures vanquished

Notes
Turn   | Place    | Note
-------+----------+-------------------------------------------
     0 | D:1      | OlSheep the Deep Elf Wizard began the quest for the Orb.
     0 | D:1      | Reached XP level 1. HP: 10/10 MP: 7/7
   213 | D:1      | Reached skill level 5 in Spellcasting
   254 | D:1      | Reached XP level 2. HP: 9/15 MP: 6/10
   441 | D:1      | Learned a level 2 spell: Blink
  1215 | D:2      | Noticed Robin
  1243 | D:1      | Reached XP level 3. HP: 10/20 MP: 0/12
  1265 | D:1      | Killed Robin
  1415 | D:1      | Learned a level 2 spell: Call Imp
  2031 | D:2      | Reached skill level 6 in Spellcasting
  2128 | D:2      | Reached XP level 4. HP: 11/24 MP: 12/14
  2284 | D:2      | Learned a level 2 spell: Slow
  2288 | D:2      | Learned a level 3 spell: Conjure Flame
  2292 | D:2      | Learned a level 3 spell: Mephitic Cloud
  2788 | D:2      | Found a glowing golden altar of the Shining One.
  2795 | D:2      | Noticed Jessica
  2812 | D:2      | Killed Jessica
  3218 | D:3      | Found an ancient bone altar of Kikubaaqudgha.
  3327 | D:3      | Reached XP level 5. HP: 28/28 MP: 5/15
  3749 | D:3      | Found a glowing drain.
  4682 | D:4      | Reached skill level 7 in Spellcasting
  5011 | D:4      | Reached XP level 6. HP: 33/33 MP: 11/18
  5104 | D:4      | Found a basalt altar of Yredelemnul.
  5139 | D:4      | Noticed Blork the orc
  5159 | D:4      | Killed Blork the orc
  5171 | D:4      | Noticed Menkaure
  5190 | D:4      | Killed Menkaure
  6626 | D:4      | Reached skill level 8 in Spellcasting
  6670 | D:4      | Reached XP level 7. HP: 34/37 MP: 16/20
  6806 | D:5      | Entered Level 5 of the Dungeon
  6806 | D:5      | Found a staircase to the Ecumenical Temple.
  6830 | D:5      | Reached skill level 1 in Armour
  6858 | Temple   | Entered the Ecumenical Temple
  7060 | Temple   | Became a worshipper of Vehumet
  7470 | D:5      | Found a white marble altar of Elyvilon.
  7483 | D:5      | Found a blossoming altar of Fedhas.
  7746 | D:5      | Found an iron altar of Okawaru.
  7889 | D:5      | Reached skill level 1 in Staves
  8220 | D:5      | Reached skill level 9 in Spellcasting
  8245 | D:5      | Reached skill level 1 in Poison Magic
  8419 | D:5      | Noticed Ijyb
  8447 | D:5      | Killed Ijyb
  8447 | D:5      | Reached XP level 8. HP: 42/42 MP: 14/23
  8842 | D:5      | Reached * piety under Vehumet
  8842 | D:5      | Offered knowledge of Flame Tongue by Vehumet.
  8873 | D:6      | Noticed Sigmund
  8886 | D:6      | Killed Sigmund
  8886 | D:6      | Reached skill level 1 in Air Magic
  9191 | D:6      | Noticed Csanatus's ghost (novice DrCj)
  9792 | D:7      | Noticed Pikel
  9837 | D:7      | Killed Pikel
  9837 | D:7      | Reached skill level 10 in Spellcasting
 10083 | D:7      | Got a slimy robe
 10225 | D:7      | Learned a level 4 spell: Throw Icicle
 10230 | D:7      | Learned a level 4 spell: Summon Ice Beast
 10322 | D:7      | Found a white marble altar of Elyvilon.
 10661 | D:7      | Identified the +2 robe "Wosch" {Dex+4} (You found it on level 7 of the Dungeon)
 11317 | D:7      | Found Ikij's Antique Weapon Emporium.
 11544 | D:7      | Reached skill level 5 in Conjurations
 11544 | D:7      | Reached XP level 9. HP: 45/46 MP: 7/25
 12387 | D:8      | Reached skill level 11 in Spellcasting
 12387 | D:8      | Reached skill level 1 in Hexes
 12387 | D:8      | Reached skill level 1 in Ice Magic
 12485 | D:8      | Reached skill level 1 in Fighting
 12635 | D:8      | Reached ** piety under Vehumet
 12635 | D:8      | Offered knowledge of Sting by Vehumet.
 12684 | D:8      | Learned a level 1 spell: Sting
 12901 | D:8      | Learned a level 2 spell: Swiftness
 13001 | D:8      | Found an ornate altar of the Wu Jian Council.
 13129 | D:8      | Noticed a two-headed ogre
 13232 | D:8      | Found Yskoet's Gadget Boutique.
 13609 | D:8      | Killed a two-headed ogre
 13609 | D:8      | Reached skill level 12 in Spellcasting
 13609 | D:8      | Reached skill level 1 in Fire Magic
 14383 | D:9      | Noticed Prince Ribbit
 14387 | D:9      | Killed Prince Ribbit
 14481 | D:9      | Found a shattered altar of Ashenzari.
 14534 | D:9      | Reached XP level 10. HP: 44/52 MP: 14/28
 15287 | D:9      | Offered knowledge of Searing Ray by Vehumet.
 15296 | D:9      | Learned a level 2 spell: Searing Ray
 15342 | D:9      | Got a fabulously ornate robe
 15347 | D:9      | Found a burning altar of Makhleb.
 15776 | D:9      | Reached skill level 13 in Spellcasting
 16030 | D:9      | Reached skill level 5 in Armour
 16409 | D:9      | Identified the +1 robe "Ifall" {+Inv +Fly} (You took it off an orc on level 9 of the Dungeon)
 16442 | D:10     | Entered Level 10 of the Dungeon
 16502 | D:10     | Noticed AAA992's ghost (journeyman GrMo)
 17388 | D:10     | Reached *** piety under Vehumet
 17524 | D:9      | Learned a level 4 spell: Airstrike
 18262 | D:10     | Offered knowledge of Fulminant Prism by Vehumet.
 18268 | D:10     | Learned a level 4 spell: Fulminant Prism
 18471 | D:10     | Found Leraqiy's Antique Weapon Shoppe.
 18489 | D:10     | Noticed a two-headed ogre
 18851 | D:10     | Reached skill level 14 in Spellcasting
 19326 | D:11     | Reached XP level 11. HP: 48/56 MP: 27/31
 20148 | D:11     | Found a staircase to the Lair.
 20337 | D:11     | Reached **** piety under Vehumet
 20351 | D:11     | Offered knowledge of Fireball by Vehumet.
 20363 | D:11     | Learned a level 5 spell: Lightning Bolt
 20504 | D:11     | Slain by an unseen horror

Skill      XL: |  1  2  3  4  5  6  7  8  9 10 11 |
---------------+----------------------------------+-----
Spellcasting   | 5 6 7 8 9 10 12 14 | 14.7
Translocations | 2 3 4 |  4.0
Conjurations   | 2 3 5 6 |  6.7
Summonings     | 2 3 4 |  4.0
Armour         | 2 3 4 5 6 |  6.2
Staves         | 2 3 |  3.3
Poison Magic   | 1 2 |  2.0
Air Magic      | 1 2 3 4 |  4.6
Hexes          | 1 |  1.1
Ice Magic      | 3 4 |  4.9
Fighting       | 1 |  1.7
Fire Magic     | 1 2 |  2.3
Dodging        | |  2.4
Stealth        | |  2.4

Action                   |  1- 3 |  4- 6 |  7- 9 | 10-12 || total
-------------------------+-------+-------+-------+-------++-------
Melee: Dagger            |    14 |       |       |       ||    14
       Short sword       |    11 |     1 |       |       ||    12
       Quarterstaff      |       |    27 |    87 |    37 ||   151
 Cast: Magic Dart        |    89 |   152 |   208 |    97 ||   546
       Blink             |     9 |    10 |    24 |    12 ||    55
       Call Imp          |     2 |    38 |    65 |    27 ||   132
       Slow              |       |    10 |     1 |       ||    11
       Mephitic Cloud    |       |     6 |    42 |    20 ||    68
       Conjure Flame     |       |    12 |    23 |    23 ||    58
       Throw Icicle      |       |       |    31 |    49 ||    80
       Sting             |       |       |     9 |    25 ||    34
       Summon Ice Beast  |       |       |     1 |     5 ||     6
       Swiftness         |       |       |     1 |     4 ||     5
       Airstrike         |       |       |       |    43 ||    43
       Searing Ray       |       |       |       |    31 ||    31
       Fulminant Prism   |       |       |       |     7 ||     7
Evoke: Wand              |       |       |     1 |     4 ||     5
  Use: Scroll            |       |     7 |     6 |     4 ||    17
       Potion            |       |     2 |     4 |     1 ||     7
 Stab: Distracted        |       |     1 |       |       ||     1
       Confused          |       |       |       |     1 ||     1
  Eat: Chunk             |     3 |     7 |    15 |    14 ||    39
       Ration            |       |     2 |     3 |     1 ||     6
Armor: Robe              |    22 |    16 |       |       ||    38
       Leather armour    |       |     8 |    87 |    91 ||   186
Dodge: Dodged            |    65 |    46 |   133 |    78 ||   322
